[Event "10th Iberoamericano-ch 2024"]
[Site "Linares"]
[Date "2024.09.30"]
[Round "8.10"]
[White "Rodriguez Vila, Andres"]
[Black "Mingarro Carceller, Sergi"]
[Result "0-1"]
[ECO "A13"]
[WhiteElo "2417"]
[BlackElo "2273"]
[Annotator "RC"]
[PlyCount "82"]
[EventDate "2024.09.25"]
[EventType "swiss"]
[EventCountry "ESP"]
[SourceTitle "playchess.com"]
[Source "ChessBase"]
[SourceQuality "1"]
[TimeControl "5400+30"]

1. c4 Nf6 2. g3 e6 3. Bg2 d5 4. Nf3 dxc4 5. O-O a6 6. a4 Nc6 7. Na3 Bxa3 8. Rxa3 e5 9. Qc2 Be6 10. d3 cxd3 11. Rxd3 Qe7 12. Rc3 O-O 13. Be3 Rfd8 14. Bc5 Qe8 15. Ng5 Bd5 16. e4 Be6 17. Nxe6 Qxe6 18. f4 Nd4 19. Bxd4 exd4 20. Rxc7 d3 21. Qc5 Nxe4 22. Qe3 f5 23. g4 d2 24. gxf5 Qd6 25. Bxe4 Qxc7 26. Rd1 Qd6 27. Kf2 Rd7 28. Bf3 Rad8 29. Qe6+ Kh8 30. Qxd6 Rxd6 31. Bxb7 Rb8 32. Bf3 Rxb2 33. Ke3 Kg8 34. Ke4 Kf8 35. Ke5 Rd3 36. Bg4 Re3+ 37. Kd4 Re1 38. Kc3 Ra2 39. h3 Ke7 40. Rxd2 Rxd2 41. Kxd2 Re4 0-1

[Event "10th Iberoamericano-ch 2024"]
[Site "Linares"]
[Date "2024.09.30"]
[Round "8.11"]
[White "Zambrana, Osvaldo"]
[Black "Ladron De Guevara Pinto, Paolo"]
[Result "0-1"]
[ECO "C55"]
[WhiteElo "2405"]
[BlackElo "2371"]
[Annotator "RC"]
[PlyCount "116"]
[EventDate "2024.09.25"]
[EventType "swiss"]
[EventCountry "ESP"]
[SourceTitle "playchess.com"]
[Source "ChessBase"]
[SourceQuality "1"]
[TimeControl "5400+30"]

1. e4 e5 2. Nf3 Nc6 3. Bc4 Nf6 4. d3 Be7 5. O-O O-O 6. Re1 d6 7. a4 h6 8. c3 a5 9. Nbd2 Be6 10. Bxe6 fxe6 11. Qb3 Qd7 12. Nf1 b6 13. Qb5 Na7 14. Qb3 Nc6 15. Ng3 Rf7 16. h3 Raf8 17. Be3 d5 18. Qb5 Bd6 19. Rab1 d4 20. Bd2 Bc5 21. Re2 Ne8 22. cxd4 Nd6 23. Qxc6 Qxc6 24. Nxe5 Qxa4 25. dxc5 Nb5 26. Nxf7 Rxf7 27. cxb6 cxb6 28. Be3 Nd4 29. Rd2 Qb4 30. Rc1 b5 31. Rc8+ Kh7 32. h4 a4 33. h5 e5 34. Re8 Re7 35. Rc8 Qa5 36. Rc5 Nb3 37. Rdc2 Nxc5 38. Rxc5 Qa6 39. Nf5 Rd7 40. Bd2 a3 41. bxa3 Qxa3 42. Rxb5 Qxd3 43. Rb2 Qa3 44. Rb8 Qa7 45. Rf8 Rxd2 46. Nh4 Qa4 47. Kh2 Qd1 48. f3 Rd8 49. Rf5 Qc1 50. Kh3 Rd1 51. Kg4 Rh1 52. g3 Qf1 53. Rxe5 Qh3+ 54. Kf4 Rg1 55. Nf5 Qxh5 56. Ne7 Qf7+ 57. Nf5 Qc7 58. Ne7 Rf1 0-1

[Event "10th Iberoamericano-ch 2024"]
[Site "Linares"]
[Date "2024.09.30"]
[Round "8.12"]
[White "Romero Calduch, Sergio"]
[Black "Matamoros Franco, Carlos S."]
[Result "1/2-1/2"]
[ECO "E91"]
[WhiteElo "2276"]
[BlackElo "2404"]
[Annotator "RC"]
[PlyCount "58"]
[EventDate "2024.09.25"]
[EventType "swiss"]
[EventCountry "ESP"]
[SourceTitle "playchess.com"]
[Source "ChessBase"]
[SourceQuality "1"]
[TimeControl "5400+30"]

1. d4 Nf6 2. c4 g6 3. Nc3 Bg7 4. e4 d6 5. Nf3 O-O 6. Be2 c5 7. d5 e6 8. O-O Re8 9. h3 exd5 10. exd5 Bf5 11. Nh4 Bd7 12. Bd3 Ng4 13. Nf3 Ne5 14. Nxe5 Bxe5 15. Bd2 Na6 16. Qc1 f5 17. f4 Bd4+ 18. Kh2 Nb4 19. Bb1 Qf6 20. a3 Na6 21. Bd3 Re7 22. Qc2 Rae8 23. Rae1 Be3 24. Bxe3 Rxe3 25. Rxe3 Rxe3 26. Nd1 Re8 27. Qc3 Kf7 28. Qxf6+ Kxf6 29. Nc3 Nc7 1/2-1/2

[Event "10th Iberoamericano-ch 2024"]
[Site "Linares"]
[Date "2024.09.30"]
[Round "8.13"]
[White "Moral Garcia, Serafin"]
[Black "Labiano Hernandez, Juan"]
[Result "1-0"]
[ECO "B14"]
[WhiteElo "2262"]
[BlackElo "2398"]
[Annotator "RC"]
[PlyCount "101"]
[EventDate "2024.09.25"]
[EventType "swiss"]
[EventCountry "ESP"]
[SourceTitle "playchess.com"]
[Source "ChessBase"]
[SourceQuality "1"]
[TimeControl "5400+30"]

1. e4 c6 2. d4 d5 3. exd5 cxd5 4. c4 Nf6 5. Nc3 g6 6. cxd5 Bg7 7. Bb5+ Nbd7 8. d6 O-O 9. dxe7 Qxe7+ 10. Nge2 a6 11. Bd3 b5 12. O-O Bb7 13. Re1 Rfe8 14. Bf4 b4 15. Na4 Qe6 16. Rc1 Nh5 17. Bc4 Qf5 18. Bg3 Bh6 19. Ra1 Qe4 20. f3 Be3+ 21. Bf2 Bxf2+ 22. Kxf2 Qh4+ 23. Kg1 Re3 24. Qd2 Rae8 25. b3 Nf4 26. Ng3 Nxg2 27. Kxg2 Bxf3+ 28. Kg1 Rxe1+ 29. Rxe1 Rxe1+ 30. Qxe1 Qxd4+ 31. Qf2 Qd1+ 32. Nf1 Ne5 33. Nb2 Qd6 34. Nd3 Nxd3 35. Qxf3 Ne5 36. Qe4 Kg7 37. Ne3 Qc5 38. Kg2 f5 39. Qf4 Qa5 40. Qd4 Kh6 41. Qh4+ Kg7 42. Qe7+ Kh6 43. Bg8 Qxa2+ 44. Kh3 Nf3 45. Nxf5+ Kh5 46. Ng3+ Kh6 47. Qf8+ Kg5 48. Ne4+ Kh5 49. Qxf3+ Kh6 50. Qf7 Qxb3+ 51. Qxb3 1-0

[Event "10th Iberoamericano-ch 2024"]
[Site "Linares"]
[Date "2024.09.30"]
[Round "8.14"]
[White "Goncalves, Samuel Jesus P"]
[Black "Leiva, Gianmarco"]
[Result "0-1"]
[ECO "C54"]
[WhiteElo "2169"]
[BlackElo "2389"]
[Annotator "RC"]
[PlyCount "120"]
[EventDate "2024.09.25"]
[EventType "swiss"]
[EventCountry "ESP"]
[SourceTitle "playchess.com"]
[Source "ChessBase"]
[SourceQuality "1"]
[TimeControl "5400+30"]

1. e4 e5 2. Nf3 Nc6 3. Bc4 Nf6 4. d3 Bc5 5. O-O d6 6. c3 O-O 7. Re1 Bb6 8. a4 a6 9. h3 Ne7 10. d4 exd4 11. Bg5 Ng6 12. cxd4 h6 13. Bxf6 Qxf6 14. Nc3 c6 15. e5 Qd8 16. Bb3 d5 17. Bc2 Nh4 18. Ra3 g6 19. Ne2 Ba5 20. Rf1 Bb4 21. Rb3 a5 22. Nxh4 Qxh4 23. Rg3 Kh8 24. f4 Rg8 25. Kh2 Be6 26. f5 gxf5 27. Rf4 Qh5 28. Qf1 Rg5 29. Rxg5 Qxg5 30. Bxf5 Rg8 31. Bxe6 fxe6 32. h4 Qg7 33. g3 Be7 34. Rf7 Rf8 35. Rxf8+ Bxf8 36. Qf3 c5 37. Nf4 Qf7 38. dxc5 Bxc5 39. Qg4 Bd4 40. b3 Kh7 41. Qxe6 Qxe6 42. Nxe6 Bxe5 43. Nc5 b6 44. Nd7 Bd4 45. Nf8+ Kg8 46. Ne6 Be5 47. Kg2 Kf7 48. Nd8+ Ke8 49. Nc6 Bf6 50. Kf3 Kd7 51. Na7 Kd6 52. Ke3 Kc5 53. Kd3 h5 54. Nc8 Be5 55. Ne7 Bxg3 56. Nf5 Be5 57. Ne3 d4 58. Nc2 Bf6 59. Ke4 Bxh4 60. Nxd4 Kb4 0-1

[Event "10th Iberoamericano-ch 2024"]
[Site "Linares"]
[Date "2024.09.30"]
[Round "8.15"]
[White "Masague Artero, Guerau"]
[Black "Merario Alarcon, Andres"]
[Result "0-1"]
[ECO "A07"]
[WhiteElo "2251"]
[BlackElo "2408"]
[Annotator "RC"]
[PlyCount "74"]
[EventDate "2024.09.25"]
[EventType "swiss"]
[EventCountry "ESP"]
[SourceTitle "playchess.com"]
[Source "ChessBase"]
[SourceQuality "1"]
[TimeControl "5400+30"]

1. Nf3 d5 2. g3 Bg4 3. Bg2 Nd7 4. h3 Bxf3 5. Bxf3 c6 6. Bg2 e6 7. d3 Bc5 8. d4 Bb6 9. c4 f5 10. Nc3 Ngf6 11. g4 dxc4 12. Qa4 Bxd4 13. Qxc4 Bxc3+ 14. bxc3 Nd5 15. gxf5 O-O 16. fxe6 Qf6 17. O-O N7b6 18. Qg4 Rfe8 19. Bd2 Qxe6 20. Qxe6+ Rxe6 21. e4 Nf6 22. Rfe1 Rae8 23. f3 Nc4 24. Bg5 h6 25. Bh4 Nh5 26. Rad1 Rg6 27. Kf2 Ne5 28. Bf1 Rge6 29. Bd8 Rf8 30. Re3 Kh7 31. a4 Rf7 32. a5 Re8 33. a6 b6 34. Be2 Nf4 35. Bf1 g5 36. h4 Ne6 37. hxg5 Ng4+ 0-1

[Event "10th Iberoamericano-ch 2024"]
[Site "Linares"]
[Date "2024.09.30"]
[Round "8.16"]
[White "Veiga, Jose Francisco R P N"]
[Black "Palma Villanueva, Miguel Tadeo"]
[Result "1-0"]
[ECO "B00"]
[WhiteElo "2404"]
[BlackElo "2266"]
[Annotator "RC"]
[PlyCount "160"]
[EventDate "2024.09.25"]
[EventType "swiss"]
[EventCountry "ESP"]
[SourceTitle "playchess.com"]
[Source "ChessBase"]
[SourceQuality "1"]
[TimeControl "5400+30"]

1. e4 d6 2. d4 Nf6 3. Nc3 e5 4. dxe5 dxe5 5. Qxd8+ Kxd8 6. Bc4 Bb4 7. Bd2 Be6 8. Bxe6 fxe6 9. O-O-O Nbd7 10. f3 Ke7 11. Nge2 a5 12. Kb1 a4 13. Nc1 c6 14. Nd3 Bd6 15. Be3 b5 16. Rd2 b4 17. Ne2 c5 18. b3 c4 19. bxc4 Rhc8 20. Rhd1 Rxc4 21. g4 Rc7 22. g5 Nh5 23. Nb2 Rc6 24. Nc4 Rxc4 25. Rxd6 Rc7 26. a3 bxa3 27. Bc1 a2+ 28. Ka1 a3 29. R6d3 Ke8 30. R1d2 Nf4 31. Nxf4 exf4 32. Kxa2 Ne5 33. Rb3 Rac8 34. Kb1 a2+ 35. Ka1 Rxc2 36. Rxc2 Rxc2 37. Bxf4 Nc6 38. Rb7 Nd4 39. h4 g6 40. Be5 Nxf3 41. Bf6 Nd2 42. Bb2 Nc4 43. Bf6 Nd2 44. Bh8 Nxe4 45. Rxh7 Nc5 46. Bb2 Na4 47. Ba3 Rh2 48. Bb4 Rb2 49. Rb7 Rh2 50. Re7+ Kd8 51. Ra7 Rxh4 52. Rxa4 Kd7 53. Kxa2 Kc6 54. Kb3 Rg4 55. Ra5 Rd4 56. Re5 Kd7 57. Kc3 Rd1 58. Ra5 Kc6 59. Ra6+ Kd7 60. Ra7+ Kc6 61. Rg7 Rg1 62. Rxg6 Kd5 63. Rg8 Ke5 64. Kc2 Kf5 65. Rf8+ Ke4 66. Bd2 e5 67. Rf2 Rg3 68. Re2+ Kf5 69. Be3 Kg4 70. Kd3 Kf5 71. Rf2+ Ke6 72. Rf6+ Kd5 73. Rf1 e4+ 74. Ke2 Rg2+ 75. Rf2 Rg4 76. Rf5+ Ke6 77. Rf6+ Ke5 78. Kf2 Kd5 79. Rh6 Ke5 80. Rh2 Kd5 1-0

[Event "10th Iberoamericano-ch 2024"]
[Site "Linares"]
[Date "2024.09.30"]
[Round "8.17"]
[White "Perea Fruet, Lorenzo"]
[Black "Santos Flores, Alberto"]
[Result "1/2-1/2"]
[ECO "C07"]
[WhiteElo "2389"]
[BlackElo "2168"]
[Annotator "RC"]
[PlyCount "138"]
[EventDate "2024.09.25"]
[EventType "swiss"]
[EventCountry "ESP"]
[SourceTitle "playchess.com"]
[Source "ChessBase"]
[SourceQuality "1"]
[TimeControl "5400+30"]

1. e4 e6 2. d4 d5 3. Nd2 c5 4. Ngf3 cxd4 5. Nxd4 Nf6 6. e5 Nfd7 7. N2f3 Nc6 8. Bf4 Be7 9. Bb5 Qc7 10. O-O a6 11. Ba4 Nc5 12. c3 Nxa4 13. Qxa4 Bd7 14. Qd1 Nxd4 15. Nxd4 g5 16. Bg3 h5 17. h3 O-O-O 18. f4 gxf4 19. Bxf4 Rdg8 20. Qf3 Be8 21. Rac1 Kb8 22. Rf2 Rg6 23. Kh1 h4 24. Rfc2 Qb6 25. Qe3 Bd7 26. Nb3 Qxe3 27. Bxe3 Bg5 28. Bxg5 Rxg5 29. Rf2 Rxe5 30. Rxf7 Be8 31. Rf2 Bg6 32. Kh2 Re3 33. Rcf1 Be4 34. Nc5 Bf5 35. Nb3 Be4 36. Rf8+ Rxf8 37. Rxf8+ Ka7 38. Rf2 Kb6 39. Nd2 Kc6 40. Nf1 Re1 41. g3 Bd3 42. Nd2 e5 43. Nf3 hxg3+ 44. Kxg3 Re3 45. Kh2 Kd6 46. h4 Be2 47. Ng1 Bg4 48. Rf6+ Ke7 49. Rg6 Bh5 50. Rg5 Bf7 51. h5 Kf6 52. h6 Bg6 53. Rg3 Re1 54. Rh3 Bh7 55. Rg3 d4 56. cxd4 exd4 57. Rg7 d3 58. Nf3 Re2+ 59. Kg3 Bf5 60. Rxb7 d2 61. Rb6+ Ke7 62. Nxd2 Rxd2 63. Rxa6 Rxb2 64. h7 Bxh7 65. Ra7+ Kd6 66. Rxh7 Rxa2 67. Rh3 Ra3+ 68. Kg2 Rxh3 69. Kxh3 Ke5 1/2-1/2

[Event "10th Iberoamericano-ch 2024"]
[Site "Linares"]
[Date "2024.09.30"]
[Round "8.18"]
[White "Garzon Zapatanga, Christopher Leonel"]
[Black "Prado Lobo, Jonas"]
[Result "1/2-1/2"]
[ECO "C02"]
[WhiteElo "2216"]
[BlackElo "2385"]
[Annotator "RC"]
[PlyCount "127"]
[EventDate "2024.09.25"]
[EventType "swiss"]
[EventCountry "ESP"]
[SourceTitle "playchess.com"]
[Source "ChessBase"]
[SourceQuality "1"]
[TimeControl "5400+30"]

1. e4 e6 2. d4 d5 3. e5 c5 4. c3 Nc6 5. Nf3 Qb6 6. a3 Nh6 7. b4 cxd4 8. cxd4 Nf5 9. Bb2 Bd7 10. Be2 Be7 11. O-O h5 12. Qd2 g5 13. Rd1 g4 14. Ne1 Rc8 15. Nc3 Ncxd4 16. Nxd5 Nxe2+ 17. Qxe2 exd5 18. e6 Qxe6 19. Qxe6 Bxe6 20. Bxh8 f6 21. Rac1 Rb8 22. Nd3 Kd7 23. Bxf6 Bxf6 24. Nc5+ Kd6 25. Ne4+ Ke5 26. Nc5 Ng7 27. Rc2 b6 28. Na6 Rc8 29. Nc7 Kf5 30. Nxd5 Rxc2 31. Ne3+ Ke4 32. Nxc2 Bb3 33. Rd6 Ne8 34. Rc6 Ba4 35. Rc4+ Kd3 36. Ne3 Nd6 37. Rc7 Nb5 38. Rd7+ Ke4 39. Rh7 Nxa3 40. Rxh5 Bc3 41. Rh4 Kd3 42. Rxg4 Nc2 43. Nd5 Bxb4 44. Nxb4+ Nxb4 45. Rxb4 b5 46. h4 a5 47. Rb1 Kc2 48. Ra1 Kb2 49. Re1 Bc2 50. Re5 Bd3 51. h5 a4 52. h6 b4 53. Re2+ Kc1 54. Re1+ Kd2 55. Ra1 a3 56. g4 Bc2 57. f4 b3 58. h7 Bxh7 59. Rxa3 Bc2 60. Rxb3 Bxb3 61. Kf2 Kd3 62. f5 Ke4 63. Kg3 Ke5 64. Kh4 1/2-1/2

[Event "10th Iberoamericano-ch 2024"]
[Site "Linares"]
[Date "2024.09.30"]
[Round "8.19"]
[White "Bendayan Claros, Aaron"]
[Black "Panelo, Marcelo"]
[Result "1-0"]
[ECO "E20"]
[WhiteElo "2200"]
[BlackElo "2364"]
[Annotator "RC"]
[PlyCount "53"]
[EventDate "2024.09.25"]
[EventType "swiss"]
[EventCountry "ESP"]
[SourceTitle "playchess.com"]
[Source "ChessBase"]
[SourceQuality "1"]
[TimeControl "5400+30"]

1. d4 Nf6 2. c4 e6 3. Nc3 Bb4 4. f3 c5 5. d5 exd5 6. cxd5 d6 7. e4 Nbd7 8. Nge2 O-O 9. Ng3 Ne5 10. Be2 a6 11. O-O b5 12. a4 Bd7 13. axb5 Bxc3 14. bxc3 axb5 15. Rxa8 Qxa8 16. Bg5 Kh8 17. Bxf6 gxf6 18. f4 Ng6 19. f5 Ne5 20. Qd2 Rg8 21. Qh6 Qf8 22. Qxf6+ Qg7 23. Qxd6 c4 24. Rf2 Re8 25. Nh5 Qg5 26. Nf6 Qc1+ 27. Bf1 1-0

[Event "10th Iberoamericano-ch 2024"]
[Site "Linares"]
[Date "2024.09.30"]
[Round "8.20"]
[White "Garcia Fernandez, Victor"]
[Black "Galvan Cipriani, Viviana"]
[Result "1-0"]
[ECO "A50"]
[WhiteElo "2353"]
[BlackElo "2141"]
[Annotator "RC"]
[PlyCount "129"]
[EventDate "2024.09.25"]
[EventType "swiss"]
[EventCountry "ESP"]
[SourceTitle "playchess.com"]
[Source "ChessBase"]
[SourceQuality "1"]
[TimeControl "5400+30"]

1. d4 Nf6 2. c4 e6 3. Bf4 d5 4. cxd5 exd5 5. e3 Bd6 6. Bxd6 Qxd6 7. Bd3 O-O 8. Nc3 c6 9. h3 Re8 10. Nf3 Nbd7 11. Qc2 a5 12. O-O g6 13. Rfc1 Rb8 14. Na4 Ne4 15. Bxe4 Rxe4 16. a3 h6 17. Nc5 Re8 18. b4 Nb6 19. Ne5 axb4 20. axb4 Bf5 21. Qe2 f6 22. Nf3 g5 23. Nd2 Kh7 24. b5 cxb5 25. Qxb5 Re7 26. Ra2 Nc8 27. Ncb3 Kg7 28. Rc5 Nb6 29. Ra7 Nc8 30. Ra1 Nb6 31. Qe2 Rh8 32. Qf3 Bd3 33. Rc3 Bg6 34. Nc5 Ra8 35. Rxa8 Nxa8 36. Ra3 Nb6 37. Qe2 Nd7 38. Qb5 Nxc5 39. dxc5 Qe5 40. Nf3 Qe4 41. Ra7 g4 42. hxg4 Be8 43. Qb6 Bc6 44. Nd4 Qxg4 45. Qb1 Rd7 46. Nf5+ Kg6 47. Nd4+ Qe4 48. Qe1 Re7 49. Qd1 h5 50. Ra8 Re8 51. Ra3 f5 52. Ne2 Qg4 53. Nf4+ Kh7 54. f3 Qg5 55. Qd4 h4 56. Nxd5 Bxd5 57. Qxd5 Re7 58. f4 Qg6 59. Ra7 Rg7 60. Rxb7 Rxb7 61. Qxb7+ Kg8 62. Qc8+ Kh7 63. Qd7+ Kg8 64. Qd8+ Kf7 65. Qxh4 1-0

[Event "10th Iberoamericano-ch 2024"]
[Site "Linares"]
[Date "2024.09.30"]
[Round "8.21"]
[White "Rocha, Maximiliano"]
[Black "Jimenez Garcia, Emmanuel"]
[Result "0-1"]
[ECO "B30"]
[WhiteElo "2156"]
[BlackElo "2352"]
[Annotator "RC"]
[PlyCount "44"]
[EventDate "2024.09.25"]
[EventType "swiss"]
[EventCountry "ESP"]
[SourceTitle "playchess.com"]
[Source "ChessBase"]
[SourceQuality "1"]
[TimeControl "5400+30"]

1. e4 c5 2. Nf3 Nc6 3. Bb5 e5 4. c3 a6 5. Bc4 Nf6 6. Qe2 Be7 7. O-O d6 8. h3 b5 9. Bd5 Nxd5 10. exd5 Na7 11. d4 exd4 12. Re1 dxc3 13. Nxc3 b4 14. Na4 Nb5 15. Qe4 Ra7 16. Bg5 f6 17. Bh4 O-O 18. Qc4 Rf7 19. Rad1 Bf8 20. Bg3 Rae7 21. Rf1 Re8 22. Nd2 Nd4 0-1

[Event "10th Iberoamericano-ch 2024"]
[Site "Linares"]
[Date "2024.09.30"]
[Round "8.22"]
[White "Jimenez Fernandez, Rebeca"]
[Black "Marin Ferragut, Pau"]
[Result "0-1"]
[ECO "B94"]
[WhiteElo "2097"]
[BlackElo "2348"]
[Annotator "RC"]
[PlyCount "68"]
[EventDate "2024.09.25"]
[EventType "swiss"]
[EventCountry "ESP"]
[SourceTitle "playchess.com"]
[Source "ChessBase"]
[SourceQuality "1"]
[TimeControl "5400+30"]

1. e4 c5 2. Nf3 d6 3. d4 cxd4 4. Nxd4 Nf6 5. Nc3 a6 6. Bg5 Nbd7 7. f4 Qc7 8. Qe2 e5 9. Nf5 h6 10. Bxf6 Nxf6 11. O-O-O exf4 12. Qd2 Nxe4 13. Nxg7+ Bxg7 14. Nxe4 O-O 15. Qxf4 Qa5 16. Nf6+ Kh8 17. Rxd6 Qxa2 18. c3 Qa5 19. Rd5 Qb6 20. Nh5 Qg6 21. Nxg7 Kxg7 22. Rd3 Qf5 23. Rg3+ Kf6 24. Qh4+ Ke6 25. Bc4+ Kd7 26. Rd1+ Kc6 27. Qe7 Qf4+ 28. Re3 Be6 29. Rde1 Bxc4 30. g3 Qg5 31. Qb4 Qc5 32. Qa4+ b5 33. Qa5 Rfd8 34. Re7 Qd6 0-1

[Event "10th Iberoamericano-ch 2024"]
[Site "Linares"]
[Date "2024.09.30"]
[Round "8.23"]
[White "Lorente Serrano, Rosa Adela"]
[Black "Escalona Landi, Samid Eduardo"]
[Result "0-1"]
[ECO "B20"]
[WhiteElo "2087"]
[BlackElo "2305"]
[Annotator "RC"]
[PlyCount "72"]
[EventDate "2024.09.25"]
[EventType "swiss"]
[EventCountry "ESP"]
[SourceTitle "playchess.com"]
[Source "ChessBase"]
[SourceQuality "1"]
[TimeControl "5400+30"]

1. e4 c5 2. Be2 Nc6 3. d3 g6 4. f4 Bg7 5. Nf3 e6 6. O-O Nge7 7. c3 O-O 8. Be3 b6 9. d4 f5 10. e5 Nd5 11. Bc1 cxd4 12. cxd4 Bb7 13. Nc3 Nce7 14. a4 a6 15. Bc4 Qc7 16. Nxd5 Nxd5 17. Qe2 Rfc8 18. b3 b5 19. axb5 axb5 20. Rxa8 Rxa8 21. Bxd5 Bxd5 22. Qxb5 Rb8 23. Qa4 Bxb3 24. Qa1 Bf8 25. Bd2 Bd5 26. Rc1 Qb7 27. Ne1 Be7 28. Qa4 Bh4 29. g3 Be7 30. Qc2 Ba3 31. Ra1 Bb2 32. Ra4 Bb3 33. Qxb2 Bxa4 34. Qxb7 Rxb7 35. Nd3 Rb1+ 36. Kf2 Rh1 0-1

[Event "10th Iberoamericano-ch 2024"]
[Site "Linares"]
[Date "2024.09.30"]
[Round "8.24"]
[White "Noboa Silva, Kevin"]
[Black "Li Chen, Helena Joana"]
[Result "1-0"]
[ECO "A80"]
[WhiteElo "2270"]
[BlackElo "2068"]
[Annotator "RC"]
[PlyCount "57"]
[EventDate "2024.09.25"]
[EventType "swiss"]
[EventCountry "ESP"]
[SourceTitle "playchess.com"]
[Source "ChessBase"]
[SourceQuality "1"]
[TimeControl "5400+30"]

1. d4 f5 2. Nf3 Nf6 3. e3 e6 4. c4 b6 5. Be2 Bb7 6. O-O Be7 7. Nc3 Ne4 8. Nd2 Nxc3 9. bxc3 c5 10. d5 e5 11. f4 e4 12. g4 g6 13. Kh1 Bf6 14. gxf5 Bxc3 15. Rb1 gxf5 16. Rg1 Na6 17. Rb3 Bf6 18. Bf1 Ke7 19. Qh5 Qf8 20. Qxf5 Qh6 21. Bh3 Bc8 22. d6+ Kf8 23. Bb2 Rg8 24. Rxg8+ Kxg8 25. Bxf6 Qg6 26. Qd5+ Kf8 27. Be7+ Kg7 28. Rb1 Kh6 29. Bf8+ 1-0

[Event "10th Iberoamericano-ch 2024"]
[Site "Linares"]
[Date "2024.09.30"]
[Round "8.25"]
[White "Fernandez Sanchez, Fernando Miguel"]
[Black "Giron, Jorge Ernesto"]
[Result "1/2-1/2"]
[ECO "A14"]
[WhiteElo "2399"]
[BlackElo "2276"]
[Annotator "RC"]
[PlyCount "57"]
[EventDate "2024.09.25"]
[EventType "swiss"]
[EventCountry "ESP"]
[SourceTitle "playchess.com"]
[Source "ChessBase"]
[SourceQuality "1"]
[TimeControl "5400+30"]

1. c4 e6 2. g3 d5 3. Bg2 Nf6 4. Nf3 Be7 5. O-O O-O 6. b3 d4 7. e3 c5 8. Ne5 Nfd7 9. exd4 cxd4 10. Nxd7 Nxd7 11. d3 Rb8 12. Na3 e5 13. Re1 Bb4 14. Re2 Re8 15. Nc2 Bc3 16. Rb1 Nf6 17. Ne1 b5 18. f4 e4 19. dxe4 bxc4 20. Bd2 Bg4 21. Bxc3 Bxe2 22. Qxd4 Qxd4+ 23. Bxd4 Nxe4 24. Be5 f5 25. Bxb8 Rxb8 26. Bxe4 fxe4 27. Kf2 Bd3 28. Nxd3 exd3 29. Ke3 1/2-1/2

[Event "10th Iberoamericano-ch 2024"]
[Site "Linares"]
[Date "2024.09.30"]
[Round "8.26"]
[White "Ynojosa Aponte, Felix Jose"]
[Black "Vehi Bach, Victor Manuel"]
[Result "1-0"]
[ECO "C00"]
[WhiteElo "2398"]
[BlackElo "2191"]
[Annotator "RC"]
[PlyCount "155"]
[EventDate "2024.09.25"]
[EventType "swiss"]
[EventCountry "ESP"]
[SourceTitle "playchess.com"]
[Source "ChessBase"]
[SourceQuality "1"]
[TimeControl "5400+30"]

1. c4 e6 2. e4 c5 3. Nc3 Nc6 4. f4 d6 5. Nf3 Nf6 6. d3 Be7 7. Rg1 h5 8. h3 h4 9. Be2 a6 10. Ng5 g6 11. Bf3 Nh5 12. Be3 Nd4 13. Qd2 Rb8 14. Bxh5 Rxh5 15. Qf2 b5 16. cxb5 axb5 17. Bxd4 cxd4 18. Qxd4 b4 19. Nd1 e5 20. Qc4 Bxg5 21. fxg5 Qb6 22. Rf1 Be6 23. Qc1 Ra8 24. a3 bxa3 25. Rxa3 Rxa3 26. bxa3 Qc5 27. Nc3 Kf8 28. Ke2 Kg7 29. a4 Qb4 30. Nb5 Qxa4 31. Nxd6 Qa2+ 32. Kf3 Qb3 33. Qe3 Qb8 34. Nc4 Qd8 35. Nxe5 Rxg5 36. Ng4 f5 37. exf5 Rxf5+ 38. Ke2 Rxf1 39. Kxf1 Bxg4 40. hxg4 Qf6+ 41. Ke2 Qb2+ 42. Kf3 Qf6+ 43. Qf4 Qc6+ 44. Qe4 Qf6+ 45. Ke3 Qf1 46. Qe7+ Kg8 47. Qxh4 Qxg2 48. Qd8+ Kg7 49. Qe7+ Kg8 50. Qe6+ Kg7 51. Qe5+ Kh6 52. Qf4+ Kg7 53. d4 Qg1+ 54. Kd2 Qg2+ 55. Kd3 Qa2 56. Qc7+ Kh6 57. Qc1+ Kg7 58. g5 Qb3+ 59. Kd2 Qg3 60. Qc5 Qf2+ 61. Kc3 Qe1+ 62. Kc4 Qe2+ 63. Kb4 Qb2+ 64. Ka5 Qa2+ 65. Kb6 Qb3+ 66. Kc7 Qf7+ 67. Kd8 Qg8+ 68. Kd7 Qb3 69. d5 Qb7+ 70. Kd6 Kf8 71. Ke6+ Kg8 72. d6 Qf7+ 73. Ke5 Qf5+ 74. Kd4 Qf2+ 75. Kc4 Qe2+ 76. Kb4 Qd2+ 77. Kb5 Qb2+ 78. Kc6 1-0

[Event "10th Iberoamericano-ch 2024"]
[Site "Linares"]
[Date "2024.09.30"]
[Round "8.27"]
[White "Cesar Maestre, Bernardo"]
[Black "Maldonado Mena, German"]
[Result "1-0"]
[ECO "B30"]
[WhiteElo "2369"]
[BlackElo "2123"]
[Annotator "RC"]
[PlyCount "51"]
[EventDate "2024.09.25"]
[EventType "swiss"]
[EventCountry "ESP"]
[SourceTitle "playchess.com"]
[Source "ChessBase"]
[SourceQuality "1"]
[TimeControl "5400+30"]

1. e4 c5 2. Nf3 Nc6 3. Bb5 e6 4. O-O Nge7 5. Re1 g6 6. c3 Bg7 7. d4 cxd4 8. cxd4 Qb6 9. Bxc6 Nxc6 10. d5 Bxb2 11. Bxb2 Qxb2 12. Nbd2 Na5 13. Rb1 Qg7 14. e5 O-O 15. Ne4 h6 16. Nf6+ Kh8 17. d6 Nc6 18. Qe2 b6 19. Rec1 Rd8 20. Qe3 Ba6 21. Ng5 Rf8 22. Rc3 Rad8 23. Qf4 Be2 24. Rh3 Bh5 25. g4 hxg5 26. Qxg5 1-0

[Event "10th Iberoamericano-ch 2024"]
[Site "Linares"]
[Date "2024.09.30"]
[Round "8.28"]
[White "Garcia, Jhoel"]
[Black "Guillo Longares, Cecilia"]
[Result "1-0"]
[ECO "B50"]
[WhiteElo "2360"]
[BlackElo "2036"]
[Annotator "RC"]
[PlyCount "115"]
[EventDate "2024.09.25"]
[EventType "swiss"]
[EventCountry "ESP"]
[SourceTitle "playchess.com"]
[Source "ChessBase"]
[SourceQuality "1"]
[TimeControl "5400+30"]

1. e4 c5 2. Nf3 d6 3. b3 Nf6 4. Nc3 g6 5. Bb5+ Bd7 6. Qe2 Bg7 7. e5 dxe5 8. Nxe5 O-O 9. Nxd7 Nbxd7 10. O-O a6 11. Bd3 Nb8 12. Ba3 Qd6 13. Rae1 Nc6 14. Ne4 Nxe4 15. Bxe4 e5 16. Qc4 b6 17. b4 b5 18. Qxc5 Qxc5 19. bxc5 Rac8 20. f4 Rfd8 21. fxe5 Rxd2 22. Rd1 Rxd1 23. Rxd1 Bxe5 24. Rd7 b4 25. Bxc6 bxa3 26. Bd5 Rxc5 27. Bxf7+ Kf8 28. Bb3 Rc7 29. Rd5 Bc3 30. Kf2 Ke7 31. Ke2 a5 32. Kd3 Bb4 33. Ba4 Ke6 34. c4 Rf7 35. Ke2 Rf4 36. Bb5 Re4+ 37. Kf2 Re1 38. Rd3 Ra1 39. Re3+ Kd6 40. Re2 Bc3 41. Rc2 Bd4+ 42. Ke2 Kc5 43. Ba4 Kb4 44. Bd7 Bb2 45. c5 Rxa2 46. c6 Kb3 47. c7 Kxc2 48. Be6 Ra1 49. c8=Q+ Bc3 50. Qc4 Re1+ 51. Kf2 Rxe6 52. Qa2+ Bb2 53. Qxe6 Kb1 54. Qe4+ Kc1 55. Qc4+ Kb1 56. Qd3+ Kc1 57. Ke2 a2 58. Qd1# 1-0

[Event "10th Iberoamericano-ch 2024"]
[Site "Linares"]
[Date "2024.09.30"]
[Round "8.29"]
[White "Iglesias Ferreira, Andres"]
[Black "Vitier Vazquez, Cristian"]
[Result "1-0"]
[ECO "B03"]
[WhiteElo "2285"]
[BlackElo "2344"]
[Annotator "RC"]
[PlyCount "77"]
[EventDate "2024.09.25"]
[EventType "swiss"]
[EventCountry "ESP"]
[SourceTitle "playchess.com"]
[Source "ChessBase"]
[SourceQuality "1"]
[TimeControl "5400+30"]

1. e4 Nf6 2. e5 Nd5 3. c4 Nb6 4. d4 d6 5. exd6 cxd6 6. Nc3 g6 7. h3 Bg7 8. Nf3 O-O 9. Be2 Nc6 10. O-O Bf5 11. d5 Na5 12. Nd4 Naxc4 13. a4 Na5 14. Nxf5 gxf5 15. Re1 e6 16. Bd3 Qf6 17. Re3 Kh8 18. Rg3 Nbc4 19. Rb1 Rac8 20. Ne2 Bh6 21. Nf4 Qh4 22. Ne2 Bxc1 23. Rxc1 Nxb2 24. Rxc8 Rxc8 25. Qd2 Nxd3 26. Rxd3 Nc4 27. Qb4 Qe4 28. Qxb7 Rg8 29. Rg3 Ne5 30. Qe7 Rxg3 31. Nxg3 Qe1+ 32. Nf1 h6 33. dxe6 fxe6 34. Qxd6 a5 35. Qf8+ Kh7 36. Qe7+ Kh8 37. f4 Ng6 38. Qf6+ Kh7 39. Qf7+ 1-0